[Event "Early-Titled-Tuesday-Blitz-May-07-2024"]
[Site "Chess.com"]
[Date "2024.05.07"]
[Round "3"]
[White "Eloist"]
[Black "Boxerandchessplayer"]
[Result "1-0"]
[WhiteElo "2420"]
[BlackElo "2226"]
[TimeControl "180+1"]
[EndTime "8:32:21 PDT"]
[Termination "Eloist won by resignation"]

1. e4 e6 2. d4 d5 3. Nd2 Nc6 4.
Ngf3 Nf6 5. e5 Nd7 6. Be2 f6 7. exf6 Qxf6 8. Nf1 Bd6 9. Ne3 O-O 10. O-O Qf7 11. c4 Bf4 12. Ng4 h5 13. Ne3 Nf6 14. g3 Bxe3 15. Bxe3 Ng4 16. Bf4 Bd7 17. h3 Nf6 18.
Ne5 Qe8 19. c5 Nxe5 20. Bxe5 Bb5 21. Bxb5 Qxb5 22. Bxc7 Rac8 23. Bd6 Rf7 24. Re1 Ne4 25. Bf4 Qxb2 26. Re2 Qa3 27. Qb3 Qxb3 28. axb3 a6 29. f3 Nc3 30. Rxe6 Nb5 31. Rd1 Rc6 32. Rxc6 bxc6 33. Kg2 Kh7 34. Be5 g5 35. f4 gxf4 36. Bxf4 Re7 37. Be5 Kg6 38. Rf1 Re6 39. Rf8 Nxd4 40.
Bxd4 Re2+ 41. Kf3 Rd2 42. Be3 Rb2 43. Rb8 Rxb3 44. Rxb3 1-0

[Event "Early-Titled-Tuesday-Blitz-May-07-2024"]
[Site "Chess.com"]
[Date "2024.05.07"]
[Round "3"]
[White "stasOR4ik"]
[Black "NFChess13"]
[Result "0-1"]
[WhiteElo "2476"]
[BlackElo "2650"]
[TimeControl "180+1"]
[EndTime "8:32:22 PDT"]
[Termination "NFChess13 won by resignation"]

1. e4 c5 2. c3 d5 3. exd5 Nf6 4. Nf3 Nxd5 5. d4 cxd4 6. cxd4 Nc6 7. Nc3 g6 8. h3 Bg7 9. Be2 O-O 10. O-O Nxc3 11. bxc3 Be6 12. Be3 Na5 13. Ng5 Bd5 14. Re1 Rc8 15.
Bd2 e6 16. Bf3 Nc4 17. Ne4 b6 18. Bg5 f6 19. Bh4 Qd7 20. a4 Kh8 21. Qd3 Qb7 22. Bg3 Rfd8 23. h4 e5 24. dxe5 Nxe5 25. Bxe5 fxe5 26. h5 Bxe4 27. Qxe4 Qxe4 28. Rxe4 Rxc3 29. hxg6 hxg6 30. Rg4 Rd6 31. Be4 Kh7 32. a5 b5 33.
a6 b4 34. f3 Bh6 35. Kf2 Kg7 36. Rh1 b3 37. Rgh4 Be3+ 38. Kg3 Bf4+ 39. Kg4 Rd2 40. Rh7+ Kf6 41. g3 Rg2 42. R1h3 b2 43. Rxa7 Rc4 44. Rb7 Ra4 45. a7 Be3 46. Rb3 Bxa7 47. Rh6 Rxe4+ 48. fxe4 Bd4 49. Rb6+ Bxb6 50. Kf3 Rf2+ 51. Kg4 b1=Q 52. Rh1 Qxe4+ 53. Kh3 Qxh1+ 0-1

[Event "Early-Titled-Tuesday-Blitz-May-07-2024"]
[Site "Chess.com"]
[Date "2024.05.07"]
[Round "3"]
[White "Burgsvik"]
[Black "bazar-wokzal"]
[Result "0-1"]
[WhiteElo "2340"]
[BlackElo "2574"]
[TimeControl "180+1"]
[EndTime "8:32:22 PDT"]
[Termination "bazar-wokzal won by resignation"]

1. e4 c5 2. Nf3 d6 3. d4 cxd4 4. Nxd4 Nf6 5. Nc3 a6 6. Be2 g6 7. g4 Bg7 8. g5 Nfd7 9. h4 Nc6 10. Be3 Nde5 11. f4 Nd7 12. h5 Nc5 13. Nxc6 bxc6 14.
Bxc5 dxc5 15. Qxd8+ Kxd8 16. O-O-O+ Kc7 17. Na4 Bd4 18.
hxg6 fxg6 19. Rd3 Be6 20. c3 Bc4 21. cxd4 Bxd3 22. Bxd3 cxd4 23. f5 Kd6 24. b4 a5 25.
Nb6 Raf8 26. Nc4+ Kc7 27. Nxa5 gxf5 28. exf5 Rhg8 29. Rxh7 Rxg5 30. Rxe7+ Kd6 31. Re6+ Kd7 32. Be4 Rh8 33. Nxc6 Rh2 34. Ne5+ Kc7 35. Rc6+ Kb8 36. Rc2 Rg1+ 37. Kb2 Rh4 38. Bd3 Re1 39. Nc6+ Kb7 40. b5 Re3 41. Bc4 Rf4 42. Rd2 Rxf5 43. Nxd4 Rf4 44.
a4 Kb6 45. Bd3 Rxd4 46. Kc3 Rxa4 47. Rb2 Ra3+ 48. Kc4 Raxd3 0-1

[Event "Early-Titled-Tuesday-Blitz-May-07-2024"]
[Site "Chess.com"]
[Date "2024.05.07"]
[Round "3"]
[White "RobRam"]
[Black "JiiHart"]
[Result "1-0"]
[WhiteElo "2552"]
[BlackElo "2166"]
[TimeControl "180+1"]
[EndTime "8:32:22 PDT"]
[Termination "RobRam won by checkmate"]

1. d4 d5 2. e3 Nf6 3. Bd3 c5 4.
dxc5 Nc6 5. Bb5 Ne4 6. b4 a5 7. c3 e5 8. Nf3 Bg4 9. h3 Bxf3 10.
gxf3 Nf6 11. Rg1 g6 12. Bb2 Bg7 13. Qb3 O-O 14. Nd2 axb4 15. cxb4 d4 16. Rd1 Nd5 17.
Bxc6 bxc6 18. Nc4 Qh4 19. Rg3 Rab8 20. a3 Rfe8 21. Kf1 dxe3 22. Nxe3 Nf4 23. Qc4 Red8 24. Rb1 Qe7 25. Ng2 Nd3 26. Bc3 Rd7 27. Rd1 Rbd8 28.
Kg1 Qe6 29. Qxe6 fxe6 30. Rg4 e4 31. Rxe4 Bxc3 32. Rxe6 Bg7 33. Rxc6 Ne5 34. Rxd7 Rxd7 35. Re6 Nxf3+ 36. Kf1 Rd1+ 37. Ke2 Nd4+ 38. Kxd1 Nxe6 39. c6 Nc7 40. a4 Bc3 41. b5 Ba5 42. Ne3 Kf7 43.
Nc4 Bb4 44. b6 Bd6 45. Nxd6+ Ke6 46. bxc7 Kxd6 47. c8=Q Kc5 48. Qd7 Kc4 49. c7 Kc3 50. c8=Q+ Kb2 51. Qdb7+ Ka3 52. Qc3+ Ka2 53. Qcb2# 1-0

[Event "Early-Titled-Tuesday-Blitz-May-07-2024"]
[Site "Chess.com"]
[Date "2024.05.07"]
[Round "3"]
[White "KononenkoD"]
[Black "PeshkaCh"]
[Result "0-1"]
[WhiteElo "2616"]
[BlackElo "2881"]
[TimeControl "180+1"]
[EndTime "8:32:23 PDT"]
[Termination "PeshkaCh won by resignation"]

1. d4 Nf6 2. c4 e6 3. g3 d5 4. Nf3 Be7 5. Bg2 O-O 6. O-O dxc4 7. Qc2 a6 8. a4 Bd7 9. Qxc4 Bc6 10. Bf4 Bd6 11. Nbd2 Ne4 12. Nxe4 Bxe4 13. Bxd6 Qxd6 14. Rfc1 c6 15. Ne5 Bxg2 16. Kxg2 a5 17. Qc5 Rd8 18. Qxd6 Rxd6 19. e3 Rd8 20. Rc5 Na6 21. Rc3 c5 22. dxc5 Rd5 23. c6 Rxe5 24.
cxb7 Re8 25. Rc6 Nb8 26. Rc8 Kf8 27. b4 axb4 28. a5 b3 29. a6 b2 30. a7 bxa1=Q 31. Rxe8+ Kxe8 32. axb8=Q+ Ke7 33. Qc7+ Kf6 34. b8=Q Rf5 35.
Qbd8+ Kg6 36. Qh4 h5 37. Qe4 Kh6 38. Qd8 Kh7 39. h3 Qb2 40. Qxf5+ exf5 41. Qg5 g6 42. Qf6 Qxf6 0-1

[Event "Early-Titled-Tuesday-Blitz-May-07-2024"]
[Site "Chess.com"]
[Date "2024.05.07"]
[Round "3"]
[White "Onischuk_V"]
[Black "Firouzja2003"]
[Result "0-1"]
[WhiteElo "2820"]
[BlackElo "3206"]
[TimeControl "180+1"]
[EndTime "8:32:24 PDT"]
[Termination "Firouzja2003 won on time"]

1. e4 c5 2. Nf3 d6 3. d4 cxd4 4.
Nxd4 Nf6 5. Nc3 a6 6. a4 h6 7. h3 e5 8. Nde2 Be6 9. g4 Nc6 10. Bg2 Nb4 11. f4 Be7 12. O-O Rc8 13. Kh1 O-O 14.
Ng3 exf4 15. Bxf4 Nd7 16. a5 Ne5 17. Ra4 Nbc6 18. Nd5 Bg5 19. Qd2 Bxf4 20. Rxf4 Ne7 21. Nxe7+ Qxe7 22. Nf5 Qg5 23. Rf2 Rc5 24. Qxg5 hxg5 25.
Nxd6 Rd8 26. Nf5 Nc4 27. b3 Rxa5 28. Rxa5 Nxa5 29. Ne3 Nc6 30. Nd5 g6 31. Kg1 Kg7 32.
Rd2 Ne5 33. Kf2 Rc8 34. Ke3 b5 35. Kd4 f6 36. Ke3 a5 37. Bf1 a4 38. Bxb5 a3 39.
c4 Rh8 40. Ra2 Rxh3+ 41. Kd4 Rxb3 42. c5 Rxb5 43. Rxa3 Nc6+ 44. Kc4 Rb4+ 45. Kc3 Rxe4 46. Ra6 Bxd5 0-1

[Event "Early-Titled-Tuesday-Blitz-May-07-2024"]
[Site "Chess.com"]
[Date "2024.05.07"]
[Round "3"]
[White "FaustinoOro"]
[Black "kemelgallo"]
[Result "1-0"]
[WhiteElo "2890"]
[BlackElo "2651"]
[TimeControl "180+1"]
[EndTime "8:32:24 PDT"]
[Termination "FaustinoOro won by checkmate"]

1. e4 e5 2. Nf3 Nc6 3. Bb5 a6 4. Ba4 Nf6 5. d3 Bc5 6. O-O b5 7. Bb3 d6 8. c3 O-O 9. Nbd2 Bb6 10.
Re1 h6 11. h3 Re8 12. Nf1 Be6 13. Bc2 d5 14. Ng3 dxe4 15. Nxe4 Nxe4 16. dxe4 Qf6 17. Bb3 Red8 18. Qe2 Ne7 19. Bxe6 Qxe6 20. Be3 Ng6 21. a4 Qc6 22. Bxb6 Qxb6 23. g3 Qc6 24. axb5 axb5 25. Kg2 Rab8 26. h4 Qe6 27. b4 Qg4 28. Kh2 h5 29. Qe3 Rd7 30. Red1 Rbd8 31. Rxd7 Qxd7 32. Qg5 Qd3 33. Nxe5 Nxe5 34. Qxe5 Qf3 35. Rf1 Rd2 36. Kg1 c6 37. Qe8+ Kh7 38. Qxc6 Qe2 39. Qc5 g6 40. Qe5 Kg8 41. Qe8+ Kg7 42. Qe5+ Kg8 43. Qf4 Rc2 44. Ra1 Kg7 45. Qe5+ Kh7 46. Qf6 Kh6 47. Qh8# 1-0

[Event "Early-Titled-Tuesday-Blitz-May-07-2024"]
[Site "Chess.com"]
[Date "2024.05.07"]
[Round "3"]
[White "Road2GM3000"]
[Black "ravengelic"]
[Result "0-1"]
[WhiteElo "2464"]
[BlackElo "2633"]
[TimeControl "180+1"]
[EndTime "8:32:24 PDT"]
[Termination "ravengelic won by resignation"]

1. d4 Nf6 2. c4 g6 3. Nc3 Bg7 4. e4 d6 5. f4 O-O 6. Nf3 c5 7. d5 b5 8. cxb5 a6 9. a4 axb5 10. Bxb5 Ba6 11. Bd2 Nbd7 12. O-O Qb6 13. Kh1 c4 14.
Qe2 Rfc8 15. e5 Bxb5 16. exf6 exf6 17. Nxb5 Re8 18. Qxc4 Nc5 19. Bb4 Ne4 20. Nfd4 Rac8 21. Qd3 f5 22. Bc3 Qc5 23. Nc6 Bxc3 24. bxc3 Nf2+ 25. Rxf2 Qxf2 26. Qf1 Qc5 27. h3 Qxd5 28. Nb4 Qb3 29. Qd1 Qb2 30. Nd5 Re2 31. Rb1 Rd2 32.
Rxb2 Rxd1+ 33. Kh2 Rxd5 34. Ra2 Rc4 35. Ra3 Rxf4 36.
Kg3 Rc4 37. Kf3 f4 38. Nd4 Ra5 39. Kxf4 Raxa4 40. Rb3 Rxd4+ 41. cxd4 Rxd4+ 42. Ke3 Rd5 43. Rb7 Kg7 44. Ke4 Re5+ 45. Kf4 Re6 46. Rd7 h5 47. g4 hxg4 48. hxg4 Rf6+ 49. Ke4 g5 50. Ke3 Rf4 51. Rxd6 Rxg4 52. Kf3 Rf4+ 53. Kg3 Rf6 54. Rd5 Kg6 55. Kg4 Rf4+ 56. Kg3 f6 57. Rd8 Re4 58. Rg8+ Kf5 59. Kf3 Rf4+ 60. Kg3 Ra4 61. Ra8 Rxa8 0-1

[Event "Early-Titled-Tuesday-Blitz-May-07-2024"]
[Site "Chess.com"]
[Date "2024.05.07"]
[Round "3"]
[White "h4parah5"]
[Black "Rodalquilar"]
[Result "1-0"]
[WhiteElo "3021"]
[BlackElo "2735"]
[TimeControl "180+1"]
[EndTime "8:32:25 PDT"]
[Termination "h4parah5 won on time"]

1. Nf3 d5 2. e3 Nf6 3. b3 Bf5 4.
Bb2 e6 5. Nh4 Bg4 6. Be2 Bxe2 7.
Qxe2 Nbd7 8. O-O Bd6 9. d3 c6 10. Nd2 Qc7 11. h3 g5 12. Nhf3 Rg8 13. e4 g4 14. hxg4 Nxg4 15. Rfe1 Bh2+ 16. Kf1 Bf4 17. Kg1 Bh2+ 18. Kf1 Bf4 19. c4 Bxd2 20. Nxd2 Qh2 21. Qf3 Nde5 22. Qh3 Qxh3 23. gxh3 Nxf2 24. Bxe5 Nxd3 25.
exd5 Nxe1 26. Rxe1 cxd5 27. cxd5 Rd8 28. Ne4 Kf8 29. Nf6 Rg6 30. Nxh7+ Ke7 31. d6+ Rxd6 32. Bxd6+ Kxd6 33. h4 f6 34. Nf8 Rh6 35. Rxe6+ Kd5 36.
Re7 Rxh4 37. Rxb7 Rh1+ 38. Kg2 Rh8 39. Nh7 a5 40. Nxf6+ Kd4 41. Rc7 Kd3 42. Nd5 Re8 43. Nf4+ Kd2 44. Kf3 Ra8 45. Rc4 Rf8 46. Ra4 Rf5 47.
Ke4 Rc5 48. Nd3 Rc8 49. Ne5 Rc5 50. Rxa5 Rc8 51. Kd4 Kc2 52. Rc5+ Kb2 53. Rxc8 1-0

[Event "Early-Titled-Tuesday-Blitz-May-07-2024"]
[Site "Chess.com"]
[Date "2024.05.07"]
[Round "3"]
[White "andriipalchuk"]
[Black "masterofpuppets2"]
[Result "0-1"]
[WhiteElo "2607"]
[BlackElo "2468"]
[TimeControl "180+1"]
[EndTime "8:32:25 PDT"]
[Termination "masterofpuppets2 won on time"]

1. d4 d5 2. c4 e6 3. Nf3 Nf6 4. g3 Be7 5. Bg2 O-O 6. O-O dxc4 7. Qa4 Qd5 8. Nc3 Qc6 9. Qc2 Qa6 10. Rd1 Nc6 11.
Bf4 Nb4 12. Qb1 Nbd5 13. Bd2 Bd7 14. Ne5 Rad8 15. Nxd7 Rxd7 16. e4 Nb4 17. Be3 Ng4 18. Bf1 Nxe3 19. fxe3 Bg5 20. Re1 e5 21. a3 Nd3 22.
Bxd3 cxd3 23. d5 d2 24. Re2 Qh6 25. Qd3 g6 26. Qxd2 f5 27. Rf1 f4 28. exf4 exf4 29.
h4 f3 30. hxg5 fxe2 31. Rxf8+ Qxf8 32. Qxe2 Qc5+ 33. Kg2 c6 34. Qf3 Rf7 35. Qe2 Qd4 36. dxc6 bxc6 37. e5 Re7 38. e6 Qc5 39. Kh2 Qxg5 40.
Ne4 Qf5 41. Qd3 Qxe6 42. Nc3 Kg7 43. Qd4+ Qe5 44. Qa4 Qh5+ 45. Kg2 Qc5 46. Qc2 Rf7 47. Qe2 h5 48. Qd2 Qe5 49. Qd3 Qf5 50. Qe3 Qf1+ 51.
Kh2 Rf2+ 0-1

[Event "Early-Titled-Tuesday-Blitz-May-07-2024"]
[Site "Chess.com"]
[Date "2024.05.07"]
[Round "3"]
[White "db-banana"]
[Black "Navyblue1"]
[Result "1-0"]
[WhiteElo "2443"]
[BlackElo "2246"]
[TimeControl "180+1"]
[EndTime "8:32:25 PDT"]
[Termination "db-banana won by resignation"]

1. e4 c5 2. Nf3 d6 3. g3 g6 4. Bg2 Bg7 5. d3 Nc6 6. O-O Nf6 7. c3 O-O 8. Re1 e5 9. Nbd2 Rb8 10. a4 a6 11. Nf1 b5 12. axb5 axb5 13. d4 cxd4 14.
cxd4 exd4 15. Nxd4 Nxd4 16. Qxd4 Ng4 17. Qd1 Ne5 18.
Ne3 Nc4 19. Qe2 Be6 20. Nd5 Bxd5 21. exd5 Re8 22. Qxe8+ Qxe8 23. Rxe8+ Rxe8 24. Bf4 Bxb2 25. Rb1 Be5 26. Bxe5 Rxe5 27. f4 Re2 28. Rxb5 Ne3 29.
Bf3 Rd2 30. Rb6 Nc4 31. Rc6 Rd4 32. Kf2 h5 33. Be2 Nd2 34. Ke3 Rxd5 35. Rc7 Kg7 36. h3 Kf6 37. g4 hxg4 38. hxg4 Kg7 39. Ra7 g5 40. f5 Kf6 41. Rb7 Nc4+ 42. Bxc4 Re5+ 43.
Kd4 Re7 44. Rxe7 Kxe7 45. Kd5 Kd7 46. Bd3 Kc7 47. Be4 Kb6 48. f6 Kc7 49. Bf5 1-0

[Event "Early-Titled-Tuesday-Blitz-May-07-2024"]
[Site "Chess.com"]
[Date "2024.05.07"]
[Round "3"]
[White "Javylavilla"]
[Black "Pintacara"]
[Result "0-1"]
[WhiteElo "2313"]
[BlackElo "2702"]
[TimeControl "180+1"]
[EndTime "8:32:27 PDT"]
[Termination "Pintacara won by checkmate"]

1. e4 c6 2. c4 g6 3. Nc3 Bg7 4. d4 d6 5. Nf3 Nf6 6. Be2 O-O 7. O-O d5 8. cxd5 cxd5 9. e5 Ne4 10. Nxe4 dxe4 11. Ng5 Nc6 12. Be3 Bf5 13. g4 Be6 14.
Nxe4 f5 15. Ng5 Bd5 16. gxf5 Rxf5 17. Bg4 e6 18. Bxf5 exf5 19. f4 Ne7 20. Rc1 h6 21. Nf3 Bc6 22. Qb3+ Nd5 23. Bd2 Kh7 24. Rc5 Qd7 25.
Re1 Bf8 26. e6 Qg7 27. Rxd5 Bxd5 28. Qxd5 Be7 29. Qe5 Bf6 30. Qc5 Rd8 31. d5 Be7 32. Qc4 Qxb2 33. Qd4 Qb5 34. Kg2 Rxd5 35. Qxa7 Qc6 36.
Qf2 Rd3 37. Re3 Bc5 38. Kg3 Bxe3 39. Bxe3 Qxe6 40. Ne5 Ra3 41. Kg2 g5 42. Bc5 Qd5+ 43. Kg1 Rxa2 44. Qe3 Qg2# 0-1

[Event "Early-Titled-Tuesday-Blitz-May-07-2024"]
[Site "Chess.com"]
[Date "2024.05.07"]
[Round "3"]
[White "emeli_chess"]
[Black "mary-sanna"]
[Result "1-0"]
[WhiteElo "2418"]
[BlackElo "2221"]
[TimeControl "180+1"]
[EndTime "8:32:27 PDT"]
[Termination "emeli_chess won by resignation"]

1. d4 d5 2. c4 e6 3. Nc3 Nf6 4. cxd5 exd5 5. Bg5 Be7 6. e3 h6 7. Bh4 Bg4 8. Qb3 Nbd7 9. Bd3 c5 10. dxc5 Nxc5 11. Bb5+ Kf8 12. Qc2 a6 13. Be2 g5 14. Bg3 Kg7 15. Bxg4 Nxg4 16. h3 Nf6 17. Nf3 Qd7 18. Nd4 Nfe4 19. Nxe4 dxe4 20.
O-O Bf6 21. Qxc5 Rac8 22. Qd6 Qxd6 23. Bxd6 Rhd8 24. Ba3 Bxd4 25. exd4 Rxd4 26. Rad1 Rdc4 27. Rd2 b5 28. b3 R4c6 29. Bb2+ Kg6 30. Bd4 f5 31. g3 h5 32. f3 exf3 33. Rxf3 Rc1+ 34. Kg2 Re8 35. Re3 Rxe3 36. Bxe3 Re1 37. Rd6+ Kf7 38.
Bxg5 Re2+ 39. Kf3 Rxa2 40. Rf6+ Kg7 41. Rxf5 Rb2 42. Bf6+ Kg6 43. Bxb2 Kxf5 44. g4+ hxg4+ 45. hxg4+ Kg5 46. Kg3 a5 47. Bc3 a4 48. bxa4 bxa4 49. Bd2+ Kg6 50. Kf4 Kf6 51. Bc3+ Kg6 52. g5 a3 53. Kg4 a2 54. Ba1 Kh7 55. Kf5 Kg8 56. g6 Kf8 57. Kf6 Kg8 58. g7 Kh7 59. Kf7 1-0

[Event "Early-Titled-Tuesday-Blitz-May-07-2024"]
[Site "Chess.com"]
[Date "2024.05.07"]
[Round "3"]
[White "VacheH009"]
[Black "CruzWilliam"]
[Result "1/2-1/2"]
[WhiteElo "2578"]
[BlackElo "2400"]
[TimeControl "180+1"]
[EndTime "8:32:28 PDT"]
[Termination "Game drawn by repetition"]

1. c4 Nf6 2. d4 g6 3. Nf3 Bg7 4. g3 O-O 5. Bg2 d6 6. O-O Nbd7 7. Nc3 e5 8. d5 a5 9. e4 Nc5 10. Qc2 c6 11. Rd1 cxd5 12. cxd5 Bd7 13. Qe2 Qb8 14. Be3 Rc8 15. Nd2 b5 16. Nb3 Na4 17. Nxa4 bxa4 18. Nc1 Ng4 19. Nd3 Bh6 20. Bxh6 Nxh6 21. h3 Kg7 22.
Rdc1 Qb6 23. Rxc8 Rxc8 24. Rc1 Rxc1+ 25. Nxc1 Ng8 26. Qc2 f5 27. Ne2 fxe4 28. Bxe4 Bxh3 29. Nc3 a3 30. bxa3 Nf6 31. Bg2 Bxg2 32. Kxg2 Qc5 33. Qb3 e4 34. Qb7+ Kh6 35. Nb5 Qxd5 36. Qxd5 Nxd5 37. Nxd6 e3 38. fxe3 Nxe3+ 39. Kf3 Nc2 40. Nc4 Kg5 41. a4 Nb4 42. a3 Nc6 43. Ke4 Kg4 44. Kd5 Ne7+ 45. Ke6 Nc6 46. Kd5 Ne7+ 47. Ke6 Nc6 48. Kd5 1/2-1/2

[Event "Early-Titled-Tuesday-Blitz-May-07-2024"]
[Site "Chess.com"]
[Date "2024.05.07"]
[Round "3"]
[White "yonaltimur"]
[Black "Aklan10n"]
[Result "1-0"]
[WhiteElo "2411"]
[BlackElo "2204"]
[TimeControl "180+1"]
[EndTime "8:32:28 PDT"]
[Termination "yonaltimur won by checkmate"]

1. e4 c5 2. Nf3 b6 3. d4 cxd4 4.
Nxd4 Bb7 5. Nc3 a6 6. Be2 g6 7. O-O Bg7 8. Be3 d6 9. Qd2 Nd7 10. f3 Rc8 11. a4 Ne5 12. Nd5 Nc4 13. Bxc4 Rxc4 14. c3 Bxd5 15. exd5 Nf6 16. Nc6 Qc7 17. b3 Rh4 18. a5 b5 19. Bb6 Qb7 20. Rfe1 O-O 21. Rxe7 Qc8 22. Rae1 Qf5 23. c4 bxc4 24. bxc4 Rxc4 25. Re8 Nxd5 26. Qxd5 Qxd5 27. Ne7+ Kh8 28. Nxd5 h6 29. Nc7 Rxe8 30. Rxe8+ Kh7 31. Nxa6 d5 32. Nc7 d4 33. Rd8 Ra4 34. a6 Be5 35. Ra8 Ra1+ 36. Kf2 Ra2+ 37. Ke1 d3 38. Rd8 Bc3+ 39.
Kf1 Ra1+ 40. Kf2 Be1+ 41. Ke3 d2 42. a7 d1=Q 43. Rxd1 Rxd1 44. a8=Q Bf2+ 45. Kxf2 Rd2+ 46. Ke3 Rd6 47. Bd4 h5 48. Qh8# 1-0

[Event "Early-Titled-Tuesday-Blitz-May-07-2024"]
[Site "Chess.com"]
[Date "2024.05.07"]
[Round "3"]
[White "ScaccoPaccoMatto"]
[Black "Lestofante90"]
[Result "0-1"]
[WhiteElo "2727"]
[BlackElo "2967"]
[TimeControl "180+1"]
[EndTime "8:32:29 PDT"]
[Termination "Lestofante90 won by resignation"]

1. e4 c6 2. Nf3 d5 3. Nc3 g6 4.
exd5 cxd5 5. Bb5+ Nc6 6. O-O Bg7 7. Re1 Nf6 8. Ne5 Bd7 9. Nxd7 Qxd7 10. d4 O-O 11. Bg5 e6 12. Ne2 Ne4 13. Be3 a6 14. Bd3 Nd6 15. c3 b5 16. h4 b4 17. h5 bxc3 18. bxc3 e5 19. dxe5 Nxe5 20. Nf4 Ne4 21.
Rc1 Rad8 22. Bd4 Ng4 23. Bxe4 dxe4 24. Bxg7 Qxd1 25. Rcxd1 Rxd1 26. Rxd1 Kxg7 27. c4 Rc8 28. Rc1 Rc5 29. hxg6 hxg6 30. Kf1 Ne5 31. Nd5 Nxc4 32. Ke2 Rxd5 33. Rxc4 Ra5 34. a4 f5 35. f4 Rd5 36.
g4 fxg4 37. Rxe4 Kf6 38. Rb4 Kf5 39. Kf2 Rd2+ 40. Kg3 Rd3+ 41. Kg2 Ra3 42. Kf2 g5 43. fxg5 Kxg5 44. Rc4 Kh4 45. Kg2 Ra2+ 46. Kg1 Kh3 47. Rc8 Rxa4 48. Rh8+ Kg3 49. Rc8 Ra1+ 0-1

[Event "Early-Titled-Tuesday-Blitz-May-07-2024"]
[Site "Chess.com"]
[Date "2024.05.07"]
[Round "3"]
[White "BestStelker"]
[Black "MasterKroket"]
[Result "1/2-1/2"]
[WhiteElo "2711"]
[BlackElo "2514"]
[TimeControl "180+1"]
[EndTime "8:32:29 PDT"]
[Termination "Game drawn by repetition"]

1. Nf3 d5 2. c4 c6 3. e3 Nf6 4. d4 Bg4 5. Qb3 Qc8 6. Ne5 Be6 7. cxd5 Bxd5 8. Qd1 Nbd7 9. Nxd7 Qxd7 10. Nc3 Ne4 11. Nxd5 cxd5 12. Qb3 a6 13. f3 Nf6 14. Bd2 e6 15. Bd3 Be7 16. g4 O-O 17. g5 Nh5 18. f4 g6 19. O-O-O Rfc8+ 20. Kb1 b5 21. Rc1 Bd6 22.
Ba5 Rxc1+ 23. Rxc1 Rc8 24. Rxc8+ Qxc8 25. a4 bxa4 26.
Qxa4 h6 27. h4 hxg5 28. hxg5 Ng3 29. Bd2 Kg7 30. Qxa6 Qf8 31. Be1 Nf5 32. Bxf5 gxf5 33. Qb6 Be7 34. Ba5 Qh8 35. Qc7 Qh1+ 36. Ka2 Bf8 37.
Bb6 Qd1 38. Qc6 Qd2 39. Bc7 Kg8 40. g6 Qxe3 41. gxf7+ Kxf7 42. Be5 Qe2 43. Qd7+ Be7 44. Qb7 Kf8 45. Qb8+ Kf7 46. Qa7 Qc4+ 47. Kb1 Qd3+ 48. Ka2 Qc4+ 49. Ka1 Qc1+ 50. Ka2 Qc4+ 1/2-1/2

[Event "Early-Titled-Tuesday-Blitz-May-07-2024"]
[Site "Chess.com"]
[Date "2024.05.07"]
[Round "3"]
[White "cycygogne"]
[Black "Amiciterno"]
[Result "0-1"]
[WhiteElo "2166"]
[BlackElo "2394"]
[TimeControl "180+1"]
[EndTime "8:32:29 PDT"]
[Termination "Amiciterno won by checkmate"]

1. e4 d6 2. d4 Nf6 3. Nc3 Nbd7 4.
Nf3 e5 5. Bc4 Be7 6. O-O c6 7.
a4 Qc7 8. a5 O-O 9. Re1 Rb8 10.
Be3 b5 11. axb6 axb6 12. Bb3 b5 13. d5 c5 14. Nd2 c4 15. Ba2 b4 16. Ne2 c3 17. bxc3 bxc3 18. Nc4 Nxe4 19. Qd3 Ndc5 20.
Bxc5 Nxc5 21. Qxc3 f5 22. Rad1 Bf6 23. Qf3 Bd7 24. Ng3 e4 25. Qf4 Ra8 26. Bb3 Ra6 27. Nh5 Bc3 28. Rf1 Bb5 29. Ng3 Nd7 30. Nxf5 Bxc4 31. Bxc4 Qxc4 32. Ne7+ Kh8 33. Qh4 Bf6 34. Ng6+ Kg8 35. Qg4 hxg6 36. Qxd7 Qc8 37. Qb5 Ra8 38. Rb1 Rb8 39. Qe2 Rb7 40. Rxb7 Qxb7 41. Qg4 Qxd5 42.
Qxg6 Bd4 43. h4 e3 44. fxe3 Bxe3+ 45. Kh1 Rxf1+ 46. Kh2 Qe5+ 47. Kh3 Rh1+ 48. Kg4 Qf4+ 49. Kh5 Rxh4# 0-1

[Event "Early-Titled-Tuesday-Blitz-May-07-2024"]
[Site "Chess.com"]
[Date "2024.05.07"]
[Round "3"]
[White "twofoxniel"]
[Black "ckgchess"]
[Result "0-1"]
[WhiteElo "2677"]
[BlackElo "2911"]
[TimeControl "180+1"]
[EndTime "8:32:30 PDT"]
[Termination "ckgchess won by resignation"]

1. e4 c5 2. c3 Nf6 3. e5 Nd5 4. d4 cxd4 5. cxd4 d6 6. Nf3 Nc6 7. Bc4 Nb6 8. Bb5 dxe5 9. Nxe5 Bd7 10. Bxc6 Bxc6 11. Nxc6 bxc6 12. O-O e6 13. Qg4 h5 14. Qf3 Qd5 15. Qd3 c5 16. Nc3 Qc4 17. Qxc4 Nxc4 18. Nb5 Kd7 19. b3 Nd6 20. Nxd6 Bxd6 21. dxc5 Bxc5 22.
Bb2 f6 23. Rac1 Rhc8 24. Rfd1+ Ke8 25. Rc4 Bb6 26. Kf1 Rxc4 27. bxc4 Rc8 28. Rc1 e5 29. Ke2 Kd7 30. Ba3 Kc6 31. c5 Ba5 32. Rd1 Bc7 33. Rb1 Rd8 34. Rb4 a5 35. Rh4 g6 36.
h3 Rd5 37. Rc4 Bd8 38. f4 Be7 39. g4 hxg4 40. hxg4 Bxc5 41. Kf3 Kb5 42. Rxc5+ Rxc5 43. Bxc5 Kxc5 44. g5 fxg5 45. fxe5 Kd5 46. Kg4 Kxe5 47. Kxg5 Kd4 48. Kxg6 Kc3 49. Kf5 Kb2 50. Ke4 Kxa2 51. Kd4 Kb3 52. Kd3 a4 53. Kd2 Kb2 54. Kd3 a3 55.
Kc4 a2 0-1

[Event "Early-Titled-Tuesday-Blitz-May-07-2024"]
[Site "Chess.com"]
[Date "2024.05.07"]
[Round "3"]
[White "only_strong_moves"]
[Black "TigrVShlyape"]
[Result "0-1"]
[WhiteElo "2708"]
[BlackElo "2937"]
[TimeControl "180+1"]
[EndTime "8:32:31 PDT"]
[Termination "TigrVShlyape won by resignation"]

1. Nc3 d5 2. e4 dxe4 3. Nxe4 Nf6 4. Nxf6+ exf6 5. d4 Bd6 6. Bd3 O-O 7. Ne2 Re8 8. O-O c6 9. Bf4 Bg4 10. f3 Be6 11.
Kh1 Qc7 12. Qd2 Nd7 13. Rae1 Nf8 14. a3 a5 15. c3 b5 16. Be4 Ng6 17. Bxd6 Qxd6 18.
Ng3 Rad8 19. Bd3 Bd5 20. Rxe8+ Rxe8 21. Re1 Rxe1+ 22. Qxe1 Qe6 23. Qxe6 fxe6 24. Bxg6 hxg6 25. Nf1 g5 26. Ne3 Bb3 27. Kg1 Kf7 28. Kf2 Ke7 29. g3 Kd6 30. f4 gxf4 31. gxf4 c5 32. h4 cxd4 33. cxd4 Ba2 34. Nd1 b4 35. axb4 axb4 36. Ne3 Bb1 37. Kf3 Bd3 38. h5 Ke7 39. Ng4 Bc2 40.
Ne3 Bd3 41. Ng4 Kd6 42. Ne3 Kc6 43. Kf2 Kb5 44. Ke1 Ka4 45. Kd2 Be4 46. f5 exf5 47. Nc4 Kb3 48. Nd6 Bf3 49. Nxf5 Bxh5 50. Nxg7 Bf7 51. Kc1 Kc4 52. Nf5 Kd3 53. Kd1 Be6 54.
Ne7 Kxd4 55. Kd2 Kc5 56. Kd3 Kd6 57. Ng6 Bf5+ 0-1

[Event "Early-Titled-Tuesday-Blitz-May-07-2024"]
[Site "Chess.com"]
[Date "2024.05.07"]
[Round "3"]
[White "djokovic74"]
[Black "Djager97"]
[Result "1-0"]
[WhiteElo "2817"]
[BlackElo "2569"]
[TimeControl "180+1"]
[EndTime "8:32:31 PDT"]
[Termination "djokovic74 won on time"]

1. e4 e5 2. Nf3 Nc6 3. Bb5 a6 4. Ba4 Nf6 5. O-O b5 6. Bb3 Bc5 7. c3 d6 8. d4 Bb6 9. Be3 Bg4 10. Nbd2 O-O 11. h3 Bxf3 12. Nxf3 exd4 13. cxd4 d5 14.
e5 Ne4 15. Rc1 Na5 16. Nd2 Nxb3 17. axb3 f5 18. Nxe4 fxe4 19. Rc6 Qd7 20. Qc2 Rf5 21. Ra1 h6 22. Rg6 Kh7 23. Rc6 Kh8 24. Rc1 a5 25. Qe2 Qf7 26. Qxb5 Rf8 27. Qe2 Kh7 28. R1c2 g5 29. Qg4 h5 30. Qe2 Rg8 31. e6 Qe7 32. Qxh5+ Kg7 33. Qg4 Kg6 34. Qg3 Rh8 35. Qg4 Rh4 36. Qg3 Rhf4 37. Bxf4 Rxf4 38. h4 Bxd4 39. Rxc7 Qxe6 40. R7c6 Bxf2+ 41. Qxf2 Rxf2 42. Kxf2 1-0

[Event "Early-Titled-Tuesday-Blitz-May-07-2024"]
[Site "Chess.com"]
[Date "2024.05.07"]
[Round "3"]
[White "Antosha_Chekhonte"]
[Black "chess_sharparchitect"]
[Result "1-0"]
[WhiteElo "2561"]
[BlackElo "2274"]
[TimeControl "180+1"]
[EndTime "8:32:33 PDT"]
[Termination "Antosha_Chekhonte won on time"]

1. e4 c5 2. Nf3 d6 3. c3 Nf6 4.
Be2 Nc6 5. d4 cxd4 6. cxd4 e6 7.
Nc3 Be7 8. O-O O-O 9. h3 e5 10. d5 Nb8 11. Be3 Nbd7 12. a4 b6 13.
b4 Ne8 14. a5 f5 15. axb6 Nxb6 16. exf5 Bxf5 17. Bd3 Bxd3 18. Qxd3 Nf6 19. Ng5 Qd7 20. Ra6 Rab8 21. Rfa1 Rb7 22. Bxb6 axb6 23. Nb5 e4 24. Qe2 Nxd5 25. Qc4 Qf5 26. Nxe4 Rc8 27. Ra8 Rbb8 28. Rxb8 Rxb8 29. Rd1 h6 30. Qxd5+ Qxd5 31. Rxd5 Rc8 32. Nexd6 Rc1+ 33. Kh2 Rc2 34. Nf5 Bxb4 35. Rd7 Rxf2 36. Rxg7+ Kf8 37. Nbd4 Bd6+ 38. Kg1 Rd2 39. Rd7 Bc5 40.
Kf1 Bxd4 41. Rxd4 Rc2 42. Nxh6 Rb2 43. Rd7 Ke8 44. Rb7 b5 45. g4 Kd8 46. g5 Rb3 47. Kg2 Rb2+ 48. Kg3 b4 49. g6 Rb1 50. Ng4 Ke8 51.
g7 Rb3+ 52. Kh4 1-0